 Dungeon Crawl Stone Soup version 0.24.0-13-gcf9b3192b9 (webtiles) character file.

Game seed: 6948891768260755533, levelgen mode: deterministic

65 Arum the Shield-Bearer (level 4, -4/37 HPs)
             Began as a Formicid Fighter on Nov 5, 2019.
             Slain by Grinder (8 damage)
             ... on level 3 of the Dungeon.
             The game lasted 00:01:43 (1352 turns).

Arum the Shield-Bearer (Formicid Fighter)           Turns: 1352, Time: 00:01:43

Health: -4/37      AC:  6    Str: 26    XL:     4   Next: 34%
Magic:  4/4        EV:  8    Int:  8    God:
Gold:   143        SH: 10    Dex: 10    Spells: 3/3 levels left

rFire    . . .     SeeInvis +   a - +0 quarterstaff
rCold    . . .     Gourm    .   c - +0 shield
rNeg     . . .     Faith    .   b - +0 scale mail
rPois    .         Spirit   .   (helmet unavailable)
rElec    .         Reflect  .   (no cloak)
rCorr    .         Harm     .   (no gloves)
MR       .....                  (no boots)
Stlth    ..........             (no amulet)
HPRegen  0.12/turn              (no ring)
MPRegen  0.09/turn              (no ring)

@: mighty
A: permanent stasis, dig shafts and tunnels, four strong arms, antennae 3
a: Dig, Shaft Self


You were on level 3 of the Dungeon.
You were hungry.

You visited 1 branch of the dungeon, and saw 3 of its levels.

You collected 143 gold pieces.

Inventory:

Hand Weapons
 a - a +0 quarterstaff (weapon)
Missiles
 p - a throwing net (quivered)
Armour
 b - a +0 scale mail (worn)
 c - a +0 shield (worn)
Magical Staves
 m - an uncursed staff of fire
Jewellery
 l - a cursed ring of teleportation {unknown}
Scrolls
 e - a scroll of blinking {unknown}
 g - a scroll of magic mapping {unknown}
 h - a scroll of identify {unknown}
 o - a scroll of amnesia {unknown}
Potions
 i - a potion of mutation {unknown}
 j - 2 potions of curing {unknown}
 k - a potion of cancellation {unknown}
Comestibles
 f - 5 rations


   Skills:
 + Level 4.1 Fighting
 + Level 2.9 Staves
 - Level 3.2 Armour
 + Level 4.4 Shields


You had 3 spell levels left.
You didn't know any spells.
Your spell library contained the following spells:

 Spells                   Type           Power        Failure   Level  Hunger
 Corona                   Hex            #......      95%         1    ##.....
 Ensorcelled Hibernation  Hex/Ice        #.....       99%         2    ###....
 Confuse                  Hex            #.......     100%        3    ####...
 Dazzling Spray           Conj/Hex       #.....       100%        3    ####...
 Tukima's Dance           Hex            #.......     100%        3    ####...


Dungeon Overview and Level Annotations

Branches:
Dungeon (3/15)

Altars:

Annotations:
D:3 Grinder


Innate Abilities, Weirdness & Mutations

You cannot be hasted, slowed, berserked, paralysed or teleported.
You can dig through walls and to a lower floor.
Your four strong arms can wield two-handed weapons with a shield.
You have a pair of large antennae on your head. (SInv)


Message History

You are too injured to fight recklessly!
You are too injured to fight recklessly!
You are too injured to fight recklessly!
You are too injured to fight recklessly!
You are too injured to fight recklessly!
You are too injured to fight recklessly!
You are too injured to fight recklessly!
Unknown command.
You feel very mighty all of a sudden. You block the bat's attack.
You block Grinder's attack.
You sock Grinder!
Grinder is severely wounded.
The bat hits you but does no damage. Grinder gestures at you.
Pain shoots through your body!
* * * LOW HITPOINT WARNING * * *
You closely miss Grinder.
Grinder is heavily wounded.
The bat barely misses you. Grinder hits you!
You die...

..............
#.............
#.............
#...........#
...?.%......#
...#...b....##
..)..[.......#
#....<.....#
#.....@....#
#.$....5..(#
#..........#
##........##
##......##
########


You could see Grinder and a bat.

Vanquished Creatures
  3 gnolls (D:2)
  A worm (D:2)
  A dart slug (D:1)
  3 giant cockroaches
  3 goblins
  2 hobgoblins (D:2)
  4 jackals
  A quokka (D:2)
  4 bats
  A frilled lizard (D:2)
  3 kobolds
  6 rats
32 creatures vanquished.

Notes
Turn   | Place    | Note
-------+----------+-------------------------------------------
     0 | D:1      | Arum the Formicid Fighter began the quest for the Orb.
     0 | D:1      | Reached XP level 1. HP: 18/18 MP: 1/1
   124 | D:1      | Reached XP level 2. HP: 24/24 MP: 2/2
   613 | D:2      | Reached XP level 3. HP: 21/30 MP: 3/3
   929 | D:2      | Reached XP level 4. HP: 33/37 MP: 4/4
  1323 | D:3      | Noticed Grinder
  1352 | D:3      | Slain by Grinder

Levels and vault maps discovered:
D:1:      eino_arrival_druids_welcome, layout_loops_ring
D:2:      layout_rooms, first_ration, minmay_tetromino_s2
D:3:      layout_rooms, fedhas_ov_isle_minmay,
          chequers_temple_overflow_statue_of_worship,
          chequers_ecumenical_altar_island, uniq_grinder

Skill      XL: |  1  2  3 |
---------------+----------+-----
Shields        | 4 |  4.4
Fighting       | 4 |  4.1
Staves         | |  2.9
Armour         | |  3.2

Action                   |  1- 3 |  4- 6 || total
-------------------------+-------+-------++-------
Melee: Quarterstaff      |    81 |    25 ||   106
  Use: Potion            |       |     1 ||     1
  Eat: Chunk             |       |     1 ||     1
Armor: Scale mail        |    28 |    10 ||    38
Dodge: Dodged            |    24 |     8 ||    32
Block: Shield            |    40 |    16 ||    56
